 Dungeon Crawl Stone Soup version 0.20-a0-1062-g7b787ac (webtiles) character file.

346 Duffy the Chopper (level 6, -4/50 HPs)
             Began as a Demigod Fighter on Apr 27, 2017.
             Slain by an ogre
             ... wielding a +0 giant spiked club
              (14 damage)
             ... on level 3 of the Dungeon.
             The game lasted 00:04:47 (3831 turns).

Duffy the Chopper (Demigod Fighter)                 Turns: 3831, Time: 00:04:48

Health: -4/50      AC: 14    Str: 21    XL:     6   Next: 10%
Magic:  8/8        EV:  3    Int: 12    God:
Gold:   164        SH: 10    Dex: 15    Spells: 5/5 levels left

rFire    . . .     SeeInvis .   a - +0 war axe
rCold    . . .     Gourm    .   c - +0 shield
rNeg     . . .     Faith    .   m - +0 plate armour
rPois    .         Spirit   .   e - +0 helmet
rElec    .         Reflect  .   k - +1 cloak
rCorr    .         Harm     .   (no gloves)
MR       .....                  (no boots)
Stlth    ..........             w - amulet of inaccuracy (curse)
Regen    0.2/turn               j - -2 ring of strength (curse)
MPRegen  0.2/turn               (no ring)

@: no status effects
A: high mp 1
a: no special abilities


You were on level 3 of the Dungeon.
You were not hungry.

You visited 1 branch of the dungeon, and saw 4 of its levels.

You collected 164 gold pieces.

Inventory:

Hand Weapons
 a - a +0 war axe (weapon)
Armour
 c - a +0 shield (worn)
 e - a +0 helmet (worn)
 k - a +1 cloak (worn)
 m - a +0 plate armour (worn)
Jewellery
 j - a cursed -2 ring of strength (left hand)
 w - a cursed amulet of inaccuracy (around neck)
Wands
 p - a wand of clouds (0/9)
Scrolls
 g - 2 scrolls of magic mapping
 l - a scroll of immolation
Potions
 b - a potion of flight {unknown}
 d - a potion of might
 h - a potion of agility
 n - a potion of cancellation
 o - a potion of lignification
 s - 3 potions of curing
 t - a potion of ambrosia
Comestibles
 f - 3 bread rations
 i - 4 fruits
 q - a meat ration
 r - 5 chunks of flesh
 u - 2 royal jellies


   Skills:
 - Level 2.6 Fighting
 + Level 5.0 Axes
 + Level 3.6 Armour
 + Level 3.6 Shields


You had 5 spell levels left.
You didn't know any spells.

Dungeon Overview and Level Annotations

Branches:
Dungeon (4/15)
 Temple: D:4-7


Innate Abilities, Weirdness & Mutations

You have an increased reservoir of magic. (+10% MP)


Message History

The ogre hits you with a giant spiked club!!
You hit the ogre.
The ogre is heavily wounded.
The ogre hits you with a giant spiked club.
You are too injured to fight recklessly!
You are too injured to fight recklessly!
You are too injured to fight recklessly!
You are too injured to fight recklessly!
You are too injured to fight recklessly!
You are too injured to fight recklessly!
You slash the ogre!
The ogre is almost dead.
The ogre hits you with a giant spiked club!
You hit the ogre.
The ogre is almost dead.
You block the ogre's attack.
You barely miss the ogre.
The ogre is almost dead.
The ogre hits you with a giant spiked club!
You die...

#.#..##############
....%.............#
#.#..############.#
#.#..# #.# ..#..#
#.# ###..# #.#
###..# ####.##
.....# #####.....#
###.## #......@..#
##)..## #......O..#
..#.#.##
#....>....#
..#.##.#
#.........#
..(....#
#.......###
##...#.# #.......#
###.##.# #.......#
#.##.# ####.####
###.##.# #.#


You could see an ogre.

Vanquished Creatures
  2 orc priests (D:4)
  3 worker ants
  Natasha (twice) (D:2)
  Robin (D:2)
  5 adders
  3 river rats
  2 oozes
  A worm (D:3)
  2 dart slugs (D:1)
  A leopard gecko (D:1)
  2 orcs
  7 bats
  5 giant cockroaches
  16 goblins
  7 hobgoblins
  3 quokkas
  2 ball pythons (D:3)
  2 frilled lizards
  7 kobolds
  A leopard gecko skeleton (D:4)
  9 rats
83 creatures vanquished.

Notes
Turn   | Place    | Note
-------+----------+-------------------------------------------
     0 | D:1      | Duffy the Demigod Fighter began the quest for the Orb.
     0 | D:1      | Reached XP level 1. HP: 18/18 MP: 3/3
    61 | D:1      | Reached skill level 2 in Axes
   573 | D:1      | Reached XP level 2. HP: 25/25 MP: 4/4
   819 | D:2      | Found an ancient bone altar of Kikubaaqudgha.
   846 | D:2      | Reached skill level 3 in Axes
   929 | D:2      | Found a hide-covered altar of Uskayaw.
  1108 | D:2      | Reached XP level 3. HP: 28/30 MP: 5/5
  1439 | D:2      | Noticed Robin
  1458 | D:2      | Killed Robin
  1467 | D:2      | Reached skill level 4 in Axes
  1653 | D:2      | Noticed Natasha
  1672 | D:2      | Killed Natasha
  1672 | D:2      | Reached XP level 4. HP: 10/37 MP: 6/6
  2210 | D:3      | Found a radiant altar of Vehumet.
  2221 | D:3      | Found a glowing drain.
  2268 | D:2      | Noticed Natasha
  2445 | D:2      | Killed Natasha
  2469 | D:3      | Reached XP level 5. HP: 36/42 MP: 7/7
  3765 | D:4      | Reached skill level 5 in Axes
  3765 | D:4      | Reached XP level 6. HP: 50/50 MP: 8/8
  3831 | D:3      | Slain by an ogre

Vault maps used:
D:1:      elethiomel_arrival_shortcut
D:2:      lemuel_crystal_altar, overflow_temple_1_default, uniq_robin,
          uniq_natasha
D:3:      fiery_altar_vehumet, portal_sewer_entry_b, grunt_ministairs_8
D:4:      lemuel_castle_with_subvaults, first_bread, serial_shops, shop,
          minmay_distorted

Skill      XL: |  1  2  3  4  5 |
---------------+----------------+-----
Axes           | 2 3 4 5 |  5.0
Armour         | 3 |  3.6
Shields        | 3 |  3.6
Fighting       | |  2.6

Action                   |  1- 3 |  4- 6 || total
-------------------------+-------+-------++-------
Melee: War axe           |   161 |   288 ||   449
Evoke: Wand              |       |     1 ||     1
  Use: Scroll            |     4 |     8 ||    12
 Stab: Confused          |       |     2 ||     2
  Eat: Chunk             |     3 |     7 ||    10
Armor: Scale mail        |     7 |       ||     7
       Plate armour      |   114 |   183 ||   297
Dodge: Dodged            |    21 |    49 ||    70
Block: Shield            |    95 |   164 ||   259
